 Dungeon Crawl Stone Soup version 0.31-a0-216-g22e908daa7 (webtiles) character file.

Game seed: 6849418132535726554

1097 qw the Chopper (level 8, -1/48 HPs)
             Began as a Gargoyle Fighter on July 1, 2023.
             Was an Initiate of Okawaru.
             Slain by a troll (13 damage)
             ... on level 5 of the Dungeon.
             The game lasted 00:02:34 (4642 turns).

qw the Chopper (Gargoyle Fighter)                   Turns: 4642, Time: 00:02:35

Health: -1/48      AC: 14    Str: 21    XL:     8   Next: 31%
Magic:  8/8        EV: 12    Int: 10    God:    Okawaru [......]
Gold:   194        SH:  9    Dex:  9    Spells: 7/7 levels left

rFire   . . .        Y - +1 war axe
rCold   . . .        j - +0 kite shield
rNeg    + . .        f - +0 chain mail
rPois   inf          (no helmet)
rElec   +            (no cloak)
rCorr   .            (no gloves)
SInv    .            (no boots)
Will    .....        (no amulet) Stlth
                     c - +5 ring of evasion
HPRegen 0.28/turn    (no ring)
MPRegen 0.11/turn

%: no passive effects
@: about to teleport
A: sickness immunity, AC +5, negative energy resistance 1, electricity
resistance, torment resistance 1, petrification resistance
a: Renounce Religion


You were on level 5 of the Dungeon.
You worshipped Okawaru.
Okawaru was noncommittal.
You visited 2 branches of the dungeon, and saw 6 of its levels.

You collected 194 gold pieces.


Innate Abilities, Weirdness & Mutations

You are immune to sickness and miasma.
Your stone body is resilient. (AC +5)
You are immune to poison.
You resist negative energy. (rN+)
You are resistant to electric shocks. (rElec)
You are resistant to unholy torment.
You are immune to petrification.


   Skills:
 - Level 4.0 Fighting
 + Level 6.8 Axes
 - Level 1.0 Throwing
 - Level 3.2 Armour
 - Level 1.6 Dodging
 - Level 6.4 Shields


You had 7 spell levels left.
You didn't know any spells.
Your spell library was empty.

Inventory:

Hand Weapons
 g - a +0 flail
 Y - a +1 war axe (weapon)
Missiles
 o - a boomerang (quivered)
Armour
 f - a +0 chain mail (worn)
 j - a +0 kite shield (worn)
 k - a +2 cloak
Jewellery
 a - a ring of fire
 c - a +5 ring of evasion (left hand)
 r - an amulet of reflection
Scrolls
 n - 2 scrolls of identify
 q - a scroll of blinking {unknown}
Potions
 b - a potion of attraction {unknown}
 d - 3 potions of might
 e - 3 potions of enlightenment
 h - a potion of brilliance {unknown}
 l - a potion of invisibility {unknown}
 m - a potion of cancellation {unknown}
 p - a potion of lignification {unknown}

Dungeon Overview and Level Annotations

Branches:
Dungeon (5/15)             Temple (1/1) D:5

Altars:
Ashenzari
Elyvilon
Fedhas
Gozag
Hepliaklqana
Nemelex Xobeh
Okawaru
Qazlal
Ru
Uskayaw
Xom
Yredelemnul
Zin


Message History

Enter note:
Enter note:
Enter note:
Enter note:
4633 ||| Stepping ~*~*~tactically~*~*~ (stealth).
Enter note:
Enter note:
Enter note:
Enter note:
Enter note:
Enter note: You throw a boomerang.
The troll shouts!
The boomerang hits the troll but does no damage.
You see here 7 gold pieces.
You throw a boomerang.
The boomerang completely misses the troll.
You throw a boomerang. The boomerang barely misses the troll.
You hit the troll.
The troll is lightly wounded.
The troll barely misses you. The troll claws you but does no damage.
You block the troll's attack. The troll bites you. The troll claws you!
The troll claws you but does no damage.
You barely miss the troll.
The troll is lightly wounded.
The troll barely misses you. The troll claws you! The troll closely misses you.
You slash the troll!
The troll is moderately wounded.
You block the troll's attack. The troll claws you but does no damage.
The troll closely misses you.
You hit the troll but do no damage.
The troll is moderately wounded.
The troll bites you! The troll claws you but does no damage.
The troll claws you! The troll bites you.
The troll claws you but does no damage. You block the troll's attack.
4642 ||| READING scroll of teleportation.
As you read the scroll of teleportation, it crumbles to dust.
You feel strangely unstable. The troll bites you!
You die...

## .### ..)## ###### #
#.[.######....# ###..
#)............# ##.....
#..#.#.#.#.#..###.......
##............T)........
#.#.......#.###........
#............##@T......
#.#...>...#....#.......
#............##.........
...#.......#.####.......
.#...........# #.....)
.#.#.#.#.#.#.# #.....
.#...........# .....
..........#### #....
.............# ..


You could see a troll.

Vanquished Creatures
  A black bear (D:5)
  An ogre (D:5)
  A centaur (D:5)
  4 scorpions
  A hound (D:4)
  A jelly (D:4)
  4 orc priests
  A gnoll bouda (D:5)
  3 iguanas (D:5)
  Natasha (thrice) (D:4)
  2 orc wizards
  A gnoll (D:5)
  7 adders
  A shadow imp (D:4)
  An ufetubus (D:5)
  A dart slug (D:2)
  15 orcs
  10 endoplasms
  6 giant cockroaches
  4 hobgoblins
  9 jackals
  12 kobolds
  6 quokkas
  6 ball pythons
  6 bats
  3 frilled lizards (D:1)
  6 goblins
  8 rats
124 creatures vanquished.

Notes
Turn   | Place    | Note
-------+----------+-------------------------------------------
     0 | D:1      | qw the Gargoyle Fighter began the quest for the Orb.
     0 | D:1      | Reached XP level 1. HP: 14/14 MP: 1/1
     0 | D:1      | 0 ||| qw: Version: 0.3-a-35-g05ef00e
     0 | D:1      | 0 ||| qw: Game counter: 7708
     0 | D:1      | 0 ||| qw: Melee chars always use a shield: true
     0 | D:1      | 0 ||| qw: God list: Okawaru
     0 | D:1      | 0 ||| qw: Allow faded altars: false
     0 | D:1      | 0 ||| qw: Do Orc after clearing Dungeon:15 true
     0 | D:1      | 0 ||| qw: Do second Lair branch before Depths: true
     0 | D:1      | 0 ||| qw: Lair rune preference: random
     0 | D:1      | 0 ||| qw: Goals: Normal, Zot:1-4, Slime:5, God:TSO, Crypt,
                  | Tomb, Abyss, Pan, Hells, Win
     0 | D:1      | 0 ||| PLANNING D:1-11
   220 | D:1      | 220 ||| Stepping ~*~*~tactically~*~*~ (stealth).
   228 | D:1      | Reached XP level 2. HP: 19/19 MP: 2/2
   310 | D:1      | Found a faded altar of an unknown god.
   311 | D:1      | 311 ||| Stepping ~*~*~tactically~*~*~ (stealth).
   334 | D:1      | Reached skill level 3 in Axes
   343 | D:1      | Reached XP level 3. HP: 21/23 MP: 3/3
   355 | D:1      | 355 ||| DROPPING +0 club.
   672 | D:1      | 672 ||| UPGRADING to +0 chain mail.
   682 | D:1      | 682 ||| DROPPING +0 scale mail.
   683 | D:1      | 683 ||| READING scroll labelled IROLEN ZINUOT.
   684 | D:1      | 684 ||| DRINKING 2 amethyst potions.
   691 | D:1      | 691 ||| DROPPING potion of ambrosia.
   709 | D:2      | Found a blossoming altar of Fedhas.
   750 | D:2      | 750 ||| Stepping ~*~*~tactically~*~*~ (stealth).
   883 | D:2      | 883 ||| Stepping ~*~*~tactically~*~*~ (stealth).
   885 | D:2      | 885 ||| Stepping ~*~*~tactically~*~*~ (stealth).
  1066 | D:2      | Reached XP level 4. HP: 28/28 MP: 4/4
  1249 | D:2      | 1249 ||| Stepping ~*~*~tactically~*~*~ (stealth).
  1253 | D:2      | 1253 ||| Stepping ~*~*~tactically~*~*~ (stealth).
  1487 | D:2      | 1487 ||| READING scroll labelled ZADOD RISO.
  1488 | D:2      | 1488 ||| READING scroll labelled NAOGO KAYRAB.
  1489 | D:2      | 1489 ||| READING scroll labelled GOHAAXK REASK.
  1490 | D:2      | 1490 ||| DRINKING 3 coppery potions.
  1512 | D:3      | 1512 ||| STAIRDANCE
  1573 | D:3      | 1573 ||| Stepping ~*~*~tactically~*~*~ (stealth).
  1574 | D:3      | 1574 ||| Stepping ~*~*~tactically~*~*~ (stealth).
  1575 | D:3      | 1575 ||| Stepping ~*~*~tactically~*~*~ (stealth).
  1806 | D:3      | 1806 ||| DROPPING +0 whip.
  1888 | D:3      | 1888 ||| Stepping ~*~*~tactically~*~*~ (stealth).
  1971 | D:3      | Found a sparkling altar of Nemelex Xobeh.
  2022 | D:3      | 2022 ||| DROPPING orb of light.
  2023 | D:3      | 2023 ||| UPGRADING to +0 kite shield.
  2033 | D:3      | 2033 ||| DROPPING +0 buckler.
  2034 | D:3      | 2034 ||| READING scroll labelled WUNEFEACOMM.
  2035 | D:3      | 2035 ||| READING 2 scrolls labelled XYTEHU DIASIU.
  2040 | D:3      | 2040 ||| READING scroll labelled HUNLOMO IDUH.
  2041 | D:3      | 2041 ||| READING scroll labelled PENIUR EMOLI.
  2222 | D:4      | Noticed Natasha
  2277 | D:4      | 2277 ||| UPGRADING to +5 ring of evasion.
  2297 | D:4      | Reached XP level 5. HP: 31/32 MP: 5/5
  2321 | D:4      | 2321 ||| READING scroll labelled LOWOUF LUMIRANN.
  2368 | D:4      | Killed Natasha
  2448 | D:4      | Noticed Natasha
  2449 | D:4      | 2449 ||| Stepping ~*~*~tactically~*~*~ (stealth).
  2467 | D:4      | Killed Natasha
  2519 | D:4      | 2519 ||| Stepping ~*~*~tactically~*~*~ (stealth).
  2538 | D:4      | Reached XP level 6. HP: 15/37 MP: 6/6
  2667 | D:4      | 2667 ||| Stepping ~*~*~tactically~*~*~ (stealth).
  2675 | D:4      | 2675 ||| Stepping ~*~*~tactically~*~*~ (hiding).
  2725 | D:4      | 2725 ||| Stepping ~*~*~tactically~*~*~ (hiding).
  2815 | D:4      | 2815 ||| DROPPING +0 mace.
  2904 | D:4      | Reached XP level 7. HP: 43/43 MP: 7/7
  2923 | D:4      | Noticed Natasha
  2924 | D:4      | 2924 ||| Stepping ~*~*~tactically~*~*~ (stealth).
  2925 | D:4      | 2925 ||| Stepping ~*~*~tactically~*~*~ (stealth).
  2926 | D:4      | 2926 ||| Stepping ~*~*~tactically~*~*~ (stealth).
  2933 | D:4      | Killed Natasha
  3194 | D:4      | Found an opulent altar of Gozag.
  3625 | D:4      | 3625 ||| READING scroll labelled CYCENA UMEV.
  3649 | D:5      | Entered Level 5 of the Dungeon
  3705 | D:5      | 3705 ||| Stepping ~*~*~tactically~*~*~ (hiding).
  3723 | D:5      | Noticed a troll
  3724 | D:5      | 3724 ||| Stepping ~*~*~tactically~*~*~ (stealth).
  3725 | D:5      | 3725 ||| Stepping ~*~*~tactically~*~*~ (stealth).
  3732 | D:5      | HP: 5/43 [troll (10)]
  3733 | D:5      | 3733 ||| READING 3 scrolls of teleportation.
  3734 | D:5      | HP: 2/43 [troll (2)]
  3736 | D:5      | Reached skill level 1 in Throwing
  3913 | D:5      | Reached skill level 6 in Axes
  3977 | D:5      | 3977 ||| Stepping ~*~*~tactically~*~*~ (hiding).
  3986 | D:5      | Reached skill level 6 in Shields
  3994 | D:5      | Reached skill level 1 in Dodging
  3994 | D:5      | Reached XP level 8. HP: 13/48 MP: 8/8
  4131 | D:5      | Found a staircase to the Ecumenical Temple.
  4133 | D:5      | 4133 ||| PLANNING TEMPLE
  4141 | Temple   | Entered the Ecumenical Temple
  4198 | Temple   | 4198 ||| PLANNING OKAWARU WORSHIP
  4213 | Temple   | Became a worshipper of Warmaster Okawaru
  4214 | Temple   | 4214 ||| PLANNING D:1-11
  4226 | D:5      | 4226 ||| Stepping ~*~*~tactically~*~*~ (stealth).
  4248 | D:5      | 4248 ||| Stepping ~*~*~tactically~*~*~ (hiding).
  4258 | D:5      | HP: 11/48 [troll (7)]
  4259 | D:5      | 4259 ||| READING 2 scrolls of teleportation.
  4259 | D:5      | HP: 5/48 [troll (4)]
  4261 | D:5      | HP: 1/48 [troll (5)]
  4449 | D:5      | 4449 ||| Stepping ~*~*~tactically~*~*~ (hiding).
  4450 | D:5      | 4450 ||| Stepping ~*~*~tactically~*~*~ (hiding).
  4633 | D:5      | 4633 ||| Stepping ~*~*~tactically~*~*~ (stealth).
  4641 | D:5      | HP: 12/48 [troll (2)]
  4642 | D:5      | 4642 ||| READING scroll of teleportation.
  4642 | D:5      | Slain by a troll

Levels and vault maps discovered:
D:1:      evilmike_arrival_crescent, layout_basic, basic_ecumenical_altar
D:2:      layout_basic, basic_altar
D:3:      layout_rooms, lemuel_coloured_pillars_altar, serial_glass,
          glass_columns_a, glass_columns_a
D:4:      layout_basic, grunt_gozag_breadcrumbs, minmay_puff, uniq_natasha
D:5:      cheibrodos_fzero, layout_cave_pods, nicolae_dithmenos_shadow_blocks,
          jmf_multi_god_temple, minmay_temple_entry_glass, grunt_ministairs_11
Temple:   compressed_dpeg_circular_temple

Skill      XL: |  1  2  3  4  5  6  7 |
---------------+----------------------+-----
Axes           | 2 3 4 5 6 |  6.8
Shields        | 5 6 |  6.4
Fighting       | 4 |  4.0
Throwing       | 1 |  1.0
Dodging        | 1 |  1.6
Armour         | |  3.2

Action                     |  1- 3 |  4- 6 |  7- 9 || total
---------------------------+-------+-------+-------++-------
  Melee: War axe           |   122 |   158 |   103 ||   383
  Throw: Boomerang         |       |       |     6 ||     6
    Use: Scroll            |     1 |     8 |     4 ||    13
         Potion            |     1 |     1 |       ||     2
 Armour: Scale mail        |    42 |       |       ||    42
         Chain mail        |    39 |    74 |    63 ||   176
  Dodge: Dodged            |    51 |    46 |    93 ||   190
  Block: Buckler           |    15 |    10 |       ||    25
         Kite shield       |       |    37 |    74 ||   111

Table legend:
 A = Non-vault XP
 B = Vault XP
 C = Vault XP percentage of total XP
 D = Non-vault monster count
 E = Vault monster count
 F = Vault count percentage of total count
                 A         B        C        D         E       F
            +---------+---------+-------+---------+---------+-------
      Total |    1021 |     547 |  34.9 |     107 |      17 |  13.7
            +---------+---------+-------+---------+---------+-------
        D:1 |      53 |       0 |   0.0 |      34 |       0 |   0.0
        D:2 |      52 |       0 |   0.0 |      21 |       0 |   0.0
        D:3 |      51 |       0 |   0.0 |      14 |       0 |   0.0
        D:4 |     497 |      82 |  14.2 |      28 |       5 |  15.2
        D:5 |     368 |     465 |  55.8 |      10 |      12 |  54.5
            +---------+---------+-------+---------+---------+-------
